Unix NetHack Version 5.0.0-0 post-release - last build May 22 2026 02:22:16 (99d1c3b6dc4b13757aaa5824b55bdea4e1e63757,branch:main).

Game began 2026-05-23 01:31:04, ended 2026-05-23 01:39:45.

DaveT, lawful male human Priest

                                                         ---------
                                                         |.......|
           ------------                                  |.......|
           |.........%|                  -----------  ###.`.....%|
          #-..........|                 #..........|  #  -+----|--
          #------|-----                 #|.>.......|  #        #
          ##     ###                    #|.(.......|  #        #
           #       ##                   #|.........|  #        #
           ##       ##                  #--|--.-----  #        #
            #        #                 ##  ####    ####        #
  ----------#        #                 #     ##    #           #
  |.......(|#        #                 #     ###   #           #
  |......%.|#        #                 #     # #   #           #
  |........|#    ----|-----            #     # #   #           #
  |........|#    |........|       #    #     @ #   #           #
  |........|#    |........|      -|----#    -r-|-- #     ------|--------
  |<.......-#    |........-######..(..|#    |..%.|##     |.............|
  ----------     ----------      |.....#    |..%.-#      |..(%%%%%)%?.%|
                                 ------     ------       ---------------

DaveT the Acolyte            St:12 Dx:14 Co:14 In:12 Wi:18 Ch:7  Lawful
Dlvl:4  $:25 HP:0(44) Pw:79(79) AC:1  Xp:5 T:1854  Satiated Burdened

Latest messages:
 The giant bat bites!
 The giant bat bites!
 You miss the giant bat.
 The giant bat bites!
 The giant bat just misses!
 The giant bat bites!
 You hit the giant bat!
 Your hands no longer glow so brightly red.
 The giant bat appears confused.
 The giant bat misses!
 You miss the giant bat.
 The giant bat bites the rabid rat.
 You hit the giant bat.
 The giant bat misses!
 The giant bat misses the rabid rat.
 The giant bat misses the rabid rat.
 You hit the giant bat!
 The giant bat misses the rabid rat.
 The giant bat bites the rabid rat.
 You kill the giant bat!
 The rabid rat misses!
 You see here a giant bat corpse.
 The rabid rat bites!
 You miss the rabid rat.
 The rabid rat misses!
 The rabid rat bites!
 You kill the rabid rat!
 You kill the goblin!
 The rabid rat bites!
 You hit the rabid rat!
 Your hands stop glowing red.
 The rabid rat appears confused.
 The wererat bites!
 You miss the rabid rat.
 The rabid rat bites!
 The wererat just misses!
 You miss the rabid rat.
 The rabid rat bites the wererat.
 The wererat bites the rabid rat.
 You miss the rabid rat.
 The wererat changes into a human.
 The wererat misses!
 The wererat misses!
 The rabid rat misses the wererat.
 The wererat misses!
 The rabid rat bites!
 The rabid rat's bite was poisoned!
 You die...
 Do you want your possessions identified? [ynq] (y) y
 Do you want to see your attributes? [ynq] (y) q

Inventory:
 Coins    ('$')
  $ - 25 gold pieces
 Amulets  ('"')
  z - a cursed amulet of restful sleep
 Weapons  (')')
  r - 8 +0 darts
  q - a +0 dagger
  j - a +0 orcish dagger
  a - a blessed +1 mace (weapon in right hand)
 Armor    ('[')
  c - a +0 small shield (being worn)
  b - a +0 robe (being worn)
  s - a +0 dwarvish mithril-coat (being worn)
 Comestibles  ('%')
  e - 2 cloves of garlic
  p - a food ration
  n - a lembas wafer
  f - a sprig of wolfsbane
  m - 2 tripe rations
 Scrolls  ('?')
  x - a scroll of food detection
 Spellbooks  ('+')
  h - a spellbook of healing
  v - a spellbook of healing
  t - a spellbook of levitation
  g - a spellbook of light
 Potions  ('!')
  B - a potion of healing
  o - a potion of levitation
  l - a potion of paralysis
  F - a potion of restore ability
  i - a potion of sleeping
  d - 4 potions of holy water
 Tools    ('(')
  C - a towel
 Gems/Stones  ('*')
  w - a worthless piece of black glass
  y - a worthless piece of red glass

DaveT the Priest's attributes:

Background:
 You were an Acolyte, a level 5 human Priest.
 You were lawful, on a mission for Anu
 who was opposed by Ishtar (neutral) and Anshar (chaotic).
 You were right-handed.
 You were in the Dungeons of Doom, on level 4.
 You entered the dungeon 1854 turns ago.
 It was nighttime.
 You had 228 experience points, 92 more were needed to attain level 6.

Basics:
 You had 0 out of 44 hit points.
 You had all 79 energy points (spell power).
 Your armor class was 1.
 Your wallet contained 25 zorkmids.
 Autopickup was off.

Final Characteristics:
 Your strength was 12 (limit:18/100).
 Your dexterity was 14 (limit:18).
 Your constitution was 14 (limit:18).
 Your intelligence was 12 (limit:18).
 Your wisdom was 18 (limit:18).
 Your charisma was 7 (limit:18).

Final Status:
 You were satiated.
 You were burdened; movement was slightly slowed.
 You were wielding a mace.
 You had basic skill with mace and could have enhanced that.

Final Attributes:
 You were devoutly aligned.
 You were guarded.
 Your spell casting was impaired by metallic armor, mitigated by your robe.
 You are dead.

Miscellaneous:
 You didn't encounter any bones levels.
 Total elapsed playing time was 8 minutes and 41 seconds.

Major events:
 Turn
    1: DaveT the lawful human Priest entered the dungeon
  581: entered the Gnomish Mines
  793: attained the rank of Acolyte (level 3)
 1854: killed by a rabid rat

Spells:
 Name                 Level Category     Fail Retention
 light                  1   clerical      31%  91%-100%
 healing                1   healing       13%  76%-100%

Skills:
 Fighting Skills
   bare handed combat [Unskilled]
 Weapon Skills
   club               [Unskilled]
   mace               [Basic]
   morning star       [Unskilled]
   flail              [Unskilled]
   hammer             [Unskilled]
   quarterstaff       [Unskilled]
   polearms           [Unskilled]
   spear              [Unskilled]
   trident            [Unskilled]
   lance              [Unskilled]
   bow                [Unskilled]
   sling              [Unskilled]
   crossbow           [Unskilled]
   dart               [Unskilled]
   shuriken           [Unskilled]
   boomerang          [Unskilled]
   unicorn horn       [Unskilled]
 Spellcasting Skills
   healing spells     [Unskilled]
   divination spells  [Unskilled]
   clerical spells    [Basic]

Voluntary challenges:
 Character rerolling was not enabled.
 You never genocided any monsters.
 You never polymorphed an object.
 You never changed form.
 You used no wishes.
Achievements:
 You entered the Gnomish Mines.
 You attained the rank of Acolyte.
 You entered a shop.

 The Dungeons of Doom: levels 1 to 4
    Level 1:
       A fountain.
    Level 2:
       Stairs down to The Gnomish Mines.
    Level 3:
    Level 4: "vault" <- You were here.
       A food shop.
       Final resting place for
          you, killed by a rabid rat.
 The Gnomish Mines:
    Level 3:


Vanquished creatures:
  3 small mimics
  a shrieker
  a rabid rat
  a giant bat
  a wererat
  a werejackal
  4 giant rats
  3 cave spiders
  a yellow mold
  a green mold
  a gecko
  3 jackals
  2 goblins
  9 sewer rats
  a grid bug
  a bat
  5 lichens
  a kobold zombie
  2 newts
42 creatures vanquished.

No species were genocided or became extinct.

Game over:
                       ----------
                      /          \
                     /    REST    \
                    /      IN      \
                   /     PEACE      \
                  /                  \
                  |      DaveT       |
                  |      25 Au       |
                  |   killed by a    |
                  |    rabid rat     |
                  |                  |
                  |                  |
                  |       2026       |
                 *|     *  *  *      | *
        _________)/\\_//(\/(/\)/\//\/|_)_______

Goodbye DaveT the Priest...

You died in The Dungeons of Doom on dungeon level 4 with 1095 points,
and 25 pieces of gold, after 1854 moves.
You were level 5 with a maximum of 44 hit points when you died.

